 Dungeon Sprint DCSS version 0.30-a0-459-g9104f0fc43 (webtiles) character file.

Game seed: 10805633106602794918

22925 Joey1 the Slayer (level 12, 0/148 HPs)
             Began as a Minotaur Berserker on Dec 15, 2022.
             Was the Champion of Trog.
             Slain by a deep elf master archer (12 damage)
             ... in the Dungeon (Sprint V: "Ziggurat Sprint").
             The game lasted 00:11:48 (1076 turns).

Joey1 the Slayer (Minotaur Berserker)               Turns: 1076, Time: 00:11:48

Health: 0/148      AC: 22    Str: 26    XL:     12   Next: 67%
Magic:  11/11      EV:  2    Int:  8    God:    Trog [******]
Gold:   0          SH: 36    Dex: 11    Spells: 11/11 levels left

rFire   + + .      SeeInvis +    D - +14 obsidian axe {vorpal, Mesm Drain Fly SInv}
rCold   + . .      Faith    .    B - +18 shield of the Gong {rElec rN+ Will+ EV-5}
rNeg    + + .      Spirit   .    j - +5 gold dragon scales
rPois   +          Reflect  +    (helmet restricted)
rElec   +          Harm     .    (no cloak)
rCorr   +          Rampage  .    (no gloves)
Will    +++..      NoTele   +    (no boots)
Stlth   ..........               K - amulet "Buimik" {Reflect rN+ rCorr Str-4 Slay+3 SH+5}
HPRegen 1.44/turn                E - ring "Nigaikk" {rF+ Int+4}
MPRegen 0.12/turn                F - ring of Gaajic {rElec Str+4 Slay+4}

@: strong-willed, on berserk cooldown, flying, mesmerised, regenerating, slowed,
wreathed by umbra, studying Invocations, very slow
A: horns 2, retaliatory headbutt
a: Renounce Religion, Berserk, Trog's Hand, Brothers in Arms


You were in the Dungeon.
You worshipped Trog.
Trog was exalted by your worship.
You visited 1 branch

Inventory:

Hand Weapons
 a - a +0 hand axe
 l - a +5 broad axe
 D - the +14 obsidian axe (weapon) {vorpal, Mesm Drain Fly SInv}
   (You found it in the Dungeon)

   It inflicts extra damage upon your enemies.
   It occasionally summons demons to assist the wielder when it strikes in
   combat.
   Its wielder is mesmerised by any visible foes.
   It cannot be unequipped while any foes are visible.
   SInv:      It lets you see invisible.
   Fly:       It grants you flight.
   Drain:     It drains your maximum health when unequipped.
Armour
 b - a +0 animal skin
 i - a +5 crystal plate armour
 j - +5 gold dragon scales (worn)
 k - a +5 plate armour
 B - the +18 shield of the Gong (worn) {rElec rN+ Will+ EV-5}
   (You found it in the Dungeon)

   It is deafeningly noisy when blocking attacks.
   EV:        It affects your evasion (-5).
   rElec:     It insulates you from electricity.
   rN:        It protects you from negative energy.
   Will:      It increases your willpower.
Jewellery
 n - a ring of flight
 o - a +6 ring of dexterity
 p - a +6 ring of dexterity
 q - a +6 ring of intelligence
 r - a +6 ring of intelligence
 s - a +6 ring of strength
 t - a +6 ring of strength
 E - the ring "Nigaikk" (left hand) {rF+ Int+4}
   (You found it in the Dungeon)

   [ring of protection from fire]

   Int:       It affects your intelligence (+4).
   rF:        It protects you from fire.
 F - the ring of Gaajic (right hand) {rElec Str+4 Slay+4}
   (You found it in the Dungeon)

   [ring of slaying]

   Str:       It affects your strength (+4).
   Slay:      It affects your accuracy & damage with ranged weapons and melee
   (+4).
   rElec:     It insulates you from electricity.
 G - the amulet "Yjankax" {Acrobat rCorr}
   (You found it in the Dungeon)

   [amulet of the acrobat]

   It increases your evasion while moving and waiting.
   rCorr:     It protects you from acid and corrosion.
 H - the ring "Enoesy" {rC+ rN+ Dex+4 Slay-6 SInv}
   (You found it in the Dungeon)

   [ring of see invisible]

   Dex:       It affects your dexterity (+4).
   Slay:      It affects your accuracy & damage with ranged weapons and melee
   (-6).
   rC:        It protects you from cold.
   rN:        It protects you from negative energy.
   SInv:      It lets you see invisible.
 J - a ring of willpower
 K - the amulet "Buimik" (around neck) {Reflect rN+ rCorr Str-4 Slay+3 SH+5}
   (You found it in the Dungeon)

   [amulet of reflection]

   It reflects blocked missile attacks.
   Str:       It affects your strength (-4).
   Slay:      It affects your accuracy & damage with ranged weapons and melee
   (+3).
   rN:        It protects you from negative energy.
   rCorr:     It protects you from acid and corrosion.
   SH:        It affects your SH (+5).
 L - the ring of Sif Muna's Scorn {rF+ rC+++ Str-3 Dex+3}
   (You found it in the Dungeon)

   [ring of protection from fire]

   Str:       It affects your strength (-3).
   Dex:       It affects your dexterity (+3).
   rF:        It protects you from fire.
   rC:        It renders you almost immune to cold.
 M - an amulet of guardian spirit
 O - a ring of fire
Wands
 u - a wand of mindburst (7)
 v - a wand of acid (7)
Scrolls
 h - 4 scrolls of blinking
 w - 7 scrolls of fog
 x - 5 scrolls of identify
 y - 2 scrolls of fear
 N - a scroll of brand weapon
Potions
 c - 10 potions of curing
 d - 13 potions of heal wounds
 e - 6 potions of haste
 f - 7 potions of magic
 g - 3 potions of berserk rage
 z - 2 potions of invisibility
 A - 4 potions of resistance
 C - 7 potions of might
Miscellaneous
 m - a lightning rod (4/4)
 I - a phantom mirror


   Skills:
 + Level 25.9 Fighting
 - Level 20.0 Axes
 - Level 10.0 Armour
 - Level 10.0 Dodging
 - Level 17.0 Shields


You had 11 spell levels left.
You didn't know any spells.
Your spell library was empty.

Dungeon Overview and Level Annotations

Branches:
Dungeon (1/1)

Altars:
Ashenzari
Cheibriados
Dithmenos
Elyvilon
Fedhas
Gozag
Hepliaklqana
Kikubaaqudgha
Makhleb
Nemelex Xobeh
Okawaru
Qazlal
Ru
Sif Muna
Trog
Uskayaw
Vehumet
Wu Jian
Xom
Yredelemnul
Zin
The Shining One
Jiyva
Lugonu

Annotations:
D 1 transporter


Innate Abilities, Weirdness & Mutations

You have a pair of horns on your head.
You reflexively headbutt those who attack you in melee.


Message History

Your ynoxinul dies!
Your ynoxinul disappears in a puff of smoke!
Your ufetubus disappears in a puff of smoke! x2
The merfolk javelineer throws a silver javelin.
The silver javelin pierces through you!
* * * LOW HITPOINT WARNING * * *
x2 The deep elf master archer wields a +0 longbow.
The deep elf master archer shoots an arrow.
The arrow hits you!!
* * * LOW HITPOINT WARNING * * *
Things that are here:
a +0 arbalest; 5 large rocks; a cyclops corpse You are too injured to fight recklessly!
Unknown command.
You are too injured to fight recklessly!
Unknown command.
You feel much better.
The deep elf master archer shoots an arrow.
The arrow hits you!!
* * * LOW HITPOINT WARNING * * *
You block the yaktaur captain's attack.
GONNNNG!
The centaur unwields a +0 shortbow.
The centaur hits you but does no damage.
You block the centaur's attack.
BOUMMMMG!
The deep elf master archer shoots an arrow.
BONNNG!
You reflect the arrow off an invisible shield around you!
The arrow hits the deep elf master archer!!
The deep elf master archer shoots an arrow.
SHROANNG!
You reflect the arrow off an invisible shield around you!
The arrow hits the deep elf master archer!!
The merfolk javelineer throws a silver javelin.
The silver javelin pierces through you but does no damage.
* * * LOW HITPOINT WARNING * * *
The deep elf master archer unwields a +0 longbow.
The deep elf master archer hits you!
You die...

▓..||:...▓. ▓..)))...▓.
▓▓▓▓▓▓▓▓▓▓▓▓▓....)...▓.
▓....8©8....▓........▓.
▓..:........▓........▓.
▓...})))=:..▓...©....▓.
▓.....).....▓▓▓▓▓▓▓▓▓▓▓
▓....cem....▓...8©8...▓
▓...e)@c....▓..)})....▓
▓...§§§.....▓...[))...▓
▓..▓.§...▓..▓.........▓
▓. ▓▓...▓▓ .▓....)....▓
▓..▓.....▓..▓...)))...▓
▓.....©.....▓....)....▓
▓▓▓▓▓▓▓▓▓▓▓▓▓.▓.....▓.▓
▓....8©8....▓....©....▓
▓..).})}))..▓▓▓▓▓▓▓▓▓▓▓


You could see a yaktaur captain, 2 deep elf master archers, a merfolk javelineer
and a centaur.

Vanquished Creatures
  An orc warlord (D)
  A stone giant (D)
  2 hydras (D)
  2 yaktaur captains (D)
  3 centaur warriors (D)
  A boulder beetle (D)
  2 spriggan berserkers (D)
  2 dancing weapons (D)
  2 orc high priests (D)
  A wretched star (D)
  An orc knight (D)
  A deep elf archer (D)
  2 orc sorcerers (D)
  A deep elf zephyrmancer (D)
  3 cyclopes (D)
  A cane toad (D)
  A torpor snail (D)
  A komodo dragon (D)
  6 yaktaurs (D)
  An ancient zyme (D)
  A raiju (D)
  An air elemental (D)
  2 spriggans (D)
  A water elemental (D)
  2 yaks (D)
  A large abomination (D)
  A naga (D)
  A water moccasin (D)
  A floating eye (D)
  An orc warrior (D)
  5 wolves (D)
  5 centaurs (D)
  2 ogres (D)
  A small abomination (D)
  An earth elemental (D)
  A crimson imp (D)
  2 adders (D)
  2 shadow imps (D)
  A white imp (D)
  An endoplasm (D)
68 creatures vanquished.

Vanquished Creatures (collateral kills)
  An orc high priest (D)
  A deep elf pyromancer (D)
  A hornet (D)
  4 merfolk (D)
  2 slime creatures (D)
  3 spriggans (D)
  A naga (D)
  A warg (D)
  A water moccasin (D)
  A floating eye (D)
  An orc warrior (D)
  2 black bears (D)
  A centaur (D)
  A jelly (D)
  An ufetubus (D)
  An adder skeleton (D)
  A bat zombie (D)
  2 endoplasms (D)
  A ball python (D)
  A jackal skeleton (D)
28 creatures vanquished.

Grand Total: 96 creatures vanquished

Notes
Turn   | Place    | Note
-------+----------+-------------------------------------------
     0 | D        | Joey1 the Minotaur Berserker began the quest for the Orb.
     0 | D        | Reached XP level 1. HP: 19/19 MP: 0/0
     3 | D        | Found a blossoming altar of Fedhas.
     3 | D        | Found the +6 Majin-Bo {vamp, MP+6 Int+6}
     3 | D        | Found the +27 heavy crossbow "Sniper" {vorpal, Acc+∞ SInv}
     3 | D        | Found the +10 dark maul {vorpal}
     3 | D        | Found the +15 Maxwell's patent armour {-Cast -Tele rElec
                  | Will+ rCorr}
     3 | D        | Found the +18 shield of the Gong {rElec rN+ Will+ EV-5}
     3 | D        | Found the +14 obsidian axe {vorpal, Mesm Drain Fly SInv}
     3 | D        | Found the +7 great mace "Firestarter" {inner flame, rF++}
     3 | D        | Found the +6 shillelagh "Devastator" {shatter}
     3 | D        | Found the +11 plutonium sword {Contam Stlth-}
     3 | D        | Found the +8 lance "Wyrmbane" {slay drac, rPois rF+ rC+
                  | AC+3}
     3 | D        | Found the +9 sword of Zonguldrok {reap}
     3 | D        | Found the +13 scythe of Curses {drain, Drain}
     3 | D        | Found the +5 sword of Power {vorpal}
     3 | D        | Found the +7 mace of Variability {chain chaos}
     3 | D        | Found the +7 Singing Sword {vorpal, sonic wave}
     3 | D        | Found the +8 storm bow {elec, penet}
     4 | D        | Found a viscous altar of Jiyva.
     4 | D        | Found a hazy altar of Hepliaklqana.
     4 | D        | Found a transporter.
     4 | D        | Found an opulent altar of Gozag.
     4 | D        | Found an ancient bone altar of Kikubaaqudgha.
     4 | D        | Found a corrupted altar of Lugonu.
    11 | D        | Found a burning altar of Makhleb.
    12 | D        | Found a stormy altar of Qazlal.
    12 | D        | Found a sacrificial altar of Ru.
    12 | D        | Found an iron altar of Okawaru.
    12 | D        | Found a shimmering blue altar of Sif Muna.
    12 | D        | Found a sparkling altar of Nemelex Xobeh.
    12 | D        | Found a bloodstained altar of Trog.
    38 | D        | Reached XP level 2. HP: 26/26 MP: 1/1
    64 | D        | Entered arena 2.
    64 | D        | Found the +6 lightning scales {swift, rElec}
    64 | D        | Noticed a slime creature
    64 | D        | Noticed a floating eye
    64 | D        | Found a transporter.
    67 | D        | Killed a floating eye
    68 | D        | Reached skill level 5 in Fighting
    68 | D        | Reached skill level 10 in Axes
    68 | D        | Reached XP level 3. HP: 36/36 MP: 2/2
    68 | D        | Reached XP level 4. HP: 42/42 MP: 3/3
    68 | D        | Killed a slime creature
    69 | D        | Reached skill level 5 in Armour
    69 | D        | Reached skill level 5 in Dodging
    69 | D        | Reached XP level 5. HP: 48/48 MP: 4/4
    69 | D        | Reached XP level 6. HP: 56/56 MP: 5/5
   120 | D        | Entered arena 3.
   120 | D        | Found a transporter.
   121 | D        | Reached ** piety under Trog
   127 | D        | Got the ring "Nigaikk" {rF+ Int+4}
   134 | D        | Entered arena 4.
   134 | D        | Noticed a merfolk
   134 | D        | Noticed a merfolk
   134 | D        | Noticed a merfolk
   134 | D        | Noticed a merfolk
   134 | D        | Found a transporter.
   135 | D        | Killed a merfolk
   136 | D        | Reached skill level 10 in Shields
   140 | D        | Killed a merfolk
   140 | D        | Reached *** piety under Trog
   140 | D        | Killed a merfolk
   141 | D        | Reached skill level 15 in Axes
   141 | D        | Reached XP level 7. HP: 61/61 MP: 6/6
   142 | D        | Killed a merfolk
   143 | D        | Reached XP level 8. HP: 67/68 MP: 7/7
   203 | D        | Entered arena 5.
   203 | D        | Noticed a yaktaur
   203 | D        | Noticed a yaktaur
   203 | D        | Found a transporter.
   209 | D        | Killed a yaktaur
   210 | D        | Reached **** piety under Trog
   210 | D        | Killed a yaktaur
   211 | D        | Reached skill level 15 in Shields
   212 | D        | Reached skill level 6 in Fighting
   477 | D        | Entered arena 6.
   477 | D        | Found a transporter.
   483 | D        | Reached ***** piety under Trog
   484 | D        | Reached skill level 7 in Fighting
   484 | D        | Reached XP level 9. HP: 71/79 MP: 8/8
   503 | D        | Entered arena 7.
   504 | D        | Found a transporter.
   507 | D        | Reached skill level 8 in Fighting
   510 | D        | Received a gift from Trog
   518 | D        | Got the ring of Gaajic {rElec Str+4 Slay+4}
   523 | D        | Got the amulet "Yjankax" {Acrobat rCorr}
   589 | D        | Entered arena 8.
   590 | D        | Found a transporter.
   592 | D        | Reached skill level 9 in Fighting
   599 | D        | Got the ring "Enoesy" {rC+ rN+ Dex+4 Slay-6 SInv}
   609 | D        | Entered arena 9.
   609 | D        | Found the +8 frozen axe "Frostbite" {freezing cloud, *Noise
                  | Fly rC+}
   609 | D        | Noticed a spriggan rider
   610 | D        | Found a transporter.
   612 | D        | Received a gift from Trog
   615 | D        | Reached skill level 10 in Fighting
   616 | D        | Reached ****** piety under Trog
   619 | D        | Killed a spriggan rider
   620 | D        | Reached skill level 11 in Fighting
   620 | D        | Reached XP level 10. HP: 85/96 MP: 9/9
   665 | D        | Entered arena 10.
   665 | D        | Noticed a cyclops
   665 | D        | Noticed a centaur warrior
   665 | D        | Noticed a centaur warrior
   665 | D        | Noticed a yaktaur captain
   665 | D        | Noticed a yaktaur captain
   666 | D        | Found a transporter.
   670 | D        | Killed a centaur warrior
   670 | D        | Received a gift from Trog
   671 | D        | Killed a yaktaur captain
   672 | D        | Reached skill level 12 in Fighting
   678 | D        | Killed a centaur warrior
   678 | D        | Killed a cyclops
   679 | D        | Reached skill level 13 in Fighting
   679 | D        | Reached skill level 10 in Armour
   679 | D        | Reached skill level 10 in Dodging
   679 | D        | Killed a yaktaur captain
   680 | D        | Reached skill level 14 in Fighting
   681 | D        | Reached skill level 15 in Fighting
   681 | D        | Reached XP level 11. HP: 107/112 MP: 10/10
   781 | D        | Entered arena 11.
   781 | D        | Noticed a deep elf zephyrmancer
   781 | D        | Noticed a deep elf archer
   781 | D        | Noticed a deep elf pyromancer
   781 | D        | Noticed an orc high priest
   781 | D        | Noticed a +1 dire flail of holy wrath
   781 | D        | Noticed a +2 glaive of venom
   784 | D        | Found a transporter.
   785 | D        | Killed a +2 glaive of venom
   785 | D        | Identified the +2 hand axe of Absolutism {vorpal, rC+
                  | Dex+4} (Trog gifted it to you in the Dungeon)
   785 | D        | Received a gift from Trog
   786 | D        | Reached skill level 16 in Fighting
   787 | D        | Killed a +1 dire flail of holy wrath
   787 | D        | Paralysed by an air elemental for 1 turns
   788 | D        | Reached skill level 17 in Fighting
   792 | D        | Killed an orc high priest
   794 | D        | Reached skill level 18 in Fighting
   794 | D        | Killed a deep elf archer
   794 | D        | Received a gift from Trog
   794 | D        | Killed a deep elf zephyrmancer
   795 | D        | Reached skill level 19 in Fighting
   799 | D        | Killed a deep elf pyromancer
   844 | D        | Got the amulet "Buimik" {Reflect rN+ rCorr Str-4 Slay+3
                  | SH+5}
   860 | D        | Entered arena 12.
   860 | D        | Noticed a wretched star
   863 | D        | Found the +9 staff of Wucad Mu {*channel}
   864 | D        | Found a transporter.
   865 | D        | Received a gift from Trog
   874 | D        | Reached skill level 20 in Fighting
   874 | D        | Received a gift from Trog
   878 | D        | Killed a wretched star
   921 | D        | Got the ring of Sif Muna's Scorn {rF+ rC+++ Str-3 Dex+3}
   928 | D        | Entered arena 13.
   928 | D        | Noticed a seven-headed hydra
   928 | D        | Noticed a boulder beetle
   928 | D        | Noticed a five-headed hydra
   928 | D        | Noticed a spriggan berserker
   928 | D        | Noticed a spriggan berserker
   934 | D        | Killed a ten-headed hydra
   935 | D        | Reached skill level 21 in Fighting
   936 | D        | Killed a spriggan berserker
   937 | D        | Killed a seven-headed hydra
   938 | D        | Reached skill level 22 in Fighting
   939 | D        | Killed a spriggan berserker
   944 | D        | Reached XP level 12. HP: 137/137 MP: 11/11
   944 | D        | Received a gift from Trog
   946 | D        | Killed a boulder beetle
   949 | D        | Found a transporter.
   993 | D        | Entered arena 14.
   994 | D        | Noticed an orc high priest
   995 | D        | Noticed a stone giant
   995 | D        | Noticed an orc warlord
   997 | D        | Noticed an orc high priest
   998 | D        | Found a transporter.
  1003 | D        | Killed a stone giant
  1003 | D        | Killed an orc high priest
  1004 | D        | Reached skill level 23 in Fighting
  1005 | D        | Received a gift from Trog
  1010 | D        | Killed an orc warlord
  1011 | D        | Reached skill level 24 in Fighting
  1013 | D        | Received a gift from Trog
  1016 | D        | Killed an orc high priest
  1065 | D        | Entered arena 15.
  1066 | D        | Noticed a centaur warrior
  1066 | D        | Noticed a yaktaur captain
  1067 | D        | Noticed a deep elf master archer
  1068 | D        | Noticed a deep elf master archer
  1069 | D        | Reached skill level 25 in Fighting
  1069 | D        | Identified the ring of the Mantidfly {rCorr MP+9 Int+4
                  | SInv}
  1069 | D        | Noticed a merfolk javelineer
  1069 | D        | Killed a centaur warrior
  1070 | D        | Found a transporter.
  1074 | D        | Received a gift from Trog
  1076 | D        | Slain by a deep elf master archer

Illustrated notes

Levels and vault maps discovered:
D:        sprint_v [room_start, room_1, room_2, room_3, room_4, room_5, room_6,
          room_7, room_8, room_9, room_10, room_11, room_12, room_13, room_14,
          room_15, room_16, room_17, room_18, room_19, room_20, room_21,
          room_22, room_23, room_24, room_25, room_26, room_27]

Skill      XL: |  1  2  3  4  5  6  7  8  9 10 11 12 |
---------------+-------------------------------------+-----
Axes           | 9 10 12 15 16 18 19 20 | 20.0
Fighting       | 5 7 11 15 22 25 | 25.9
Armour         | 4 5 7 10 | 10.0
Dodging        | 4 5 6 10 | 10.0
Shields        | 4 8 12 15 17 | 17.0

Action                   |  1- 3 |  4- 6 |  7- 9 | 10-12 || total
-------------------------+-------+-------+-------+-------++-------
Melee: Broad axe         |     2 |     4 |    28 |    68 ||   102
       Headbutt          |       |     1 |     4 |    16 ||    21
Invok: Berserk           |     1 |     1 |     1 |     6 ||     9
       Trog's Hand       |       |       |       |     5 ||     5
  Use: Potion            |     1 |       |       |     1 ||     2
 Stab: Distracted        |       |       |       |     1 ||     1
Armor: Gold dragon scale |       |     1 |     6 |    19 ||    26
Dodge: Dodged            |       |       |     1 |     2 ||     3
Block: Kite shield       |     2 |     7 |    60 |    94 ||   163
       Reflection        |       |       |       |    18 ||    18

Table legend: (Time is in decaauts)
 A = Elapsed time spent in this place.
 B = Non-inter-level travel time spent in this place.
 C = Inter-level travel time spent in this place.
 D = Time resting spent in this place.
 E = Time spent auto-exploring this place.
 F = Levels seen in this place.
 G = Mean time per level.
                   A        B        C        D        E       F      G
               +--------+--------+--------+--------+--------+-----+--------+
         Total |   1119 |   1119 |      0 |    615 |     31 |   1 | 1119.0 |
       Dungeon |   1119 |   1119 |      0 |    615 |     31 |   1 | 1119.0 |
               +--------+--------+--------+--------+--------+-----+--------+

Top non-repeatable levels by time:
       D: 1119 daAuts
